 Dungeon Crawl Stone Soup version 0.26.0-3-g156281e41b (webtiles) character file.

Game seed: 8973862263651193868

361 Mattiprrivan the Sneak (level 6, 0/30 HPs)
             Began as a Spriggan Transmuter on Jan 9, 2021.
             Killed by divine providence
             ... invoked by an orc priest
              (13 damage)
             ... on level 4 of the Dungeon.
             The game lasted 00:33:49 (2596 turns).

Mattiprrivan the Sneak (Spriggan Transmuter)        Turns: 2596, Time: 00:33:54

Health: 0/30       AC:  2    Str:  8    XL:     6   Next: 38%
Magic:  9/11       EV: 27    Int: 14    God:
Gold:   175        SH:  0    Dex: 22    Spells: 2/11 levels left

rFire    . . .     SeeInvis +     - Unarmed
rCold    . . .     Faith    .   (shield currently unavailable)
rNeg     . . .     Spirit   .   (armour currently unavailable)
rPois    x         Reflect  .   (helmet currently unavailable)
rElec    .         Harm     .   (cloak currently unavailable)
rCorr    .         Rampage  .   (gloves unavailable)
Will     +....                  (boots unavailable)
Stlth    +++.......             e - amulet of regeneration
HPRegen  0.50/turn              g - +4 ring of evasion
MPRegen  0.12/turn              k - ring of flight

@: spider-form (expiring)
A: tiny, unfitting armour, see invisible
a: End Transformation, Evoke Flight


You were on level 4 of the Dungeon.
You were a venomous arachnid creature.
You visited 1 branch of the dungeon, and saw 4 of its levels.

You collected 175 gold pieces.

Inventory:

Hand Weapons
 c - a +0 dagger
 h - a +2 dagger of venom (melded)
Missiles
 d - 2 boomerangs (quivered)
Armour
 a - a +0 robe (melded)
Jewellery
 e - an amulet of regeneration (around neck)
 g - a +4 ring of evasion (left front leg)
 k - a ring of flight (right front leg)
Wands
 j - a wand of polymorph (8)
Scrolls
 i - 3 scrolls of identify
 l - a scroll of fog
Potions
 b - a potion of ambrosia
 f - a potion of haste


   Skills:
 * Level 1.4 Fighting
 * Level 1.8 Short Blades
 * Level 1.1 Throwing
 * Level 4.2 Dodging
 * Level 4.5 Stealth
 * Level 3.1 Unarmed Combat
 * Level 3.3 Spellcasting
 * Level 1.2 Hexes
 * Level 0.7 Necromancy
 * Level 1.4 Translocations
 * Level 3.3 Transmutations
 * Level 1.1 Poison Magic
 * Level 1.3 Evocations


You had 2 spell levels left.
You knew the following spells:

 Your Spells              Type           Power        Failure   Level
a - Beastly Appendage     Tmut           22%          16%         1
b - Wereblood             Tmut           11%          21%         2
c - Spider Form           Tmut/Pois      4%           47%         3
d - Apportation           Tloc           12%          28%         1
e - Corona                Hex            5%           30%         1
f - Animate Skeleton      Necr           8%           34%         1

Your spell library contained the following spells:

 Spells                   Type           Power        Failure   Level
 Summon Small Mammal      Summ           8%           43%         1
 Ice Form                 Ice/Tmut       7%           87%         4
 Blade Hands              Tmut           5%           93%         5


Dungeon Overview and Level Annotations

Branches:
Dungeon (4/15)
 Temple: D:4-7

Altars:
Ashenzari


Innate Abilities, Weirdness & Mutations

You are very small and have problems with some larger weapons.
You are too small for most types of armour.
You have supernaturally acute eyesight. (SInv)
((You cover ground extremely quickly.))


Message History

The white imp sputters.
The howler monkey closely misses you. The adder completely misses you.
You barely miss the adder.
You feel less confused.
You kill the orc wizard!
The howler monkey misses you. The adder completely misses you.
You hit the howler monkey but do no damage.
The howler monkey is poisoned.
The howler monkey misses you. The adder completely misses you.
The orc wizard closely misses you. The orc closely misses you.
The white imp grins evilly.
The orc wizard closely misses you.
Found a scroll labelled FIRYOHO WIRGHUIRGH and a leatherbound book.
You hit the orc wizard but do no damage.
Your transformation is almost over.
The adder bites you.
The howler monkey hoots and howls with incredible vigour!
The orc priest mumbles some strange prayers to Beogh against you.
Beogh smites you!
You die...

...#............
...#....?........
..#.............:
##............!..
...........l.....
.......<........?
.......).o.......
...##...ooh5...#
# ###.Ss....##
#####.### ##


You could see a howler monkey (very poisoned, catching breath), an orc priest,
an orc wizard (fast), an adder, a white imp, an orc and a frilled lizard.

Vanquished Creatures
  Grinder (D:3)
  An orc wizard (D:4)
  Robin (D:2)
  6 adders
  An ooze (D:3)
  A worm (D:3)
  3 dart slugs
  8 orcs (D:3)
  A giant cockroach (D:1)
  17 goblins
  8 hobgoblins
  2 jackals (D:2)
  2 quokkas (D:2)
  A ball python (D:1)
  5 bats
  6 frilled lizards
  3 kobolds
  4 rats
71 creatures vanquished.

Vanquished Creatures (others)
  An orc (D:4)
1 creature vanquished.

Grand Total: 72 creatures vanquished

Notes
Turn   | Place    | Note
-------+----------+-------------------------------------------
     0 | D:1      | Mattiprrivan the Spriggan Transmuter began the quest for
                  | the Orb.
     0 | D:1      | Reached XP level 1. HP: 9/9 MP: 5/5
   350 | D:1      | Reached XP level 2. HP: 10/14 MP: 6/6
   353 | D:1      | Learned a level 2 spell: Wereblood
   518 | D:1      | Reached skill level 1 in Stealth
  1021 | D:2      | Reached XP level 3. HP: 13/17 MP: 4/8
  1292 | D:2      | Reached skill level 1 in Fighting
  1338 | D:2      | Learned a level 3 spell: Spider Form
  1478 | D:2      | Noticed Robin
  1492 | D:2      | Reached skill level 1 in Short Blades
  1503 | D:2      | Killed Robin
  1504 | D:2      | Reached XP level 4. HP: 11/22 MP: 1/9
  2112 | D:3      | Learned a level 1 spell: Apportation
  2114 | D:3      | Learned a level 1 spell: Corona
  2116 | D:3      | Learned a level 1 spell: Animate Skeleton
  2193 | D:3      | Noticed Grinder
  2197 | D:3      | Paralysed by Grinder for 7 turns
  2224 | D:3      | Killed Grinder
  2225 | D:3      | Reached skill level 1 in Throwing
  2225 | D:3      | Reached skill level 1 in Hexes
  2225 | D:3      | Reached skill level 1 in Translocations
  2225 | D:3      | Reached skill level 1 in Evocations
  2225 | D:3      | Reached XP level 5. HP: 22/25 MP: 3/10
  2225 | D:3      | Reached XP level 6. HP: 27/30 MP: 3/11
  2356 | D:3      | Found a broken altar of Ashenzari.
  2423 | D:3      | Reached skill level 1 in Poison Magic
  2596 | D:4      | Killed from afar by an orc priest

Illustrated notes

Levels and vault maps discovered:
D:1:      lightli_arrival_maybe_door_vault, layout_loops_ring
D:2:      layout_loops_ring, hangedman_decor_diamond_cutter, uniq_robin
D:3:      layout_basic, cheibrodos_ashenzari_chains, uniq_grinder
D:4:      cheibrodos_barr_body, layout_cave_pools, old_standard_altar,
          grunt_gozag_breadcrumbs

Skill      XL: |  1  2  3  4  5  6 |
---------------+-------------------+-----
Stealth        | 3 4 |  4.5
Fighting       | 1 |  1.4
Short Blades   | 1 |  1.8
Transmutations | 3 |  3.3
Spellcasting   | 3 |  3.3
Throwing       | 1 |  1.1
Dodging        | 4 |  4.2
Unarmed Combat | 3 |  3.1
Hexes          | 1 |  1.2
Translocations | 1 |  1.4
Evocations     | 1 |  1.3
Poison Magic   | 1 |  1.1
Necromancy     | |  0.7

Action                   |  1- 3 |  4- 6 || total
-------------------------+-------+-------++-------
Melee: Dagger            |    92 |    50 ||   142
       Unarmed           |    36 |    27 ||    63
       Kick              |    12 |     1 ||    13
       Punch             |     1 |       ||     1
       Headbutt          |     5 |     2 ||     7
Throw: Boomerang         |     4 |    15 ||    19
 Cast: Beastly Appendage |    10 |     1 ||    11
       Wereblood         |     1 |       ||     1
       Spider Form       |     2 |     4 ||     6
  Use: Scroll            |     3 |     2 ||     5
       Potion            |     2 |       ||     2
 Stab: Sleeping          |     9 |     6 ||    15
Armor: Robe              |    14 |     1 ||    15
       Skin              |     4 |       ||     4
Dodge: Dodged            |   114 |    70 ||   184
